 Dungeon Crawl Stone Soup version 0.31.0-11-ge490571c62 (webtiles) character file.

Game seed: 5100854013193632272

2496 browni3141 the Cleaver (level 9, -5/72 (79) HPs)
             Began as a Minotaur Fighter on Jan 29, 2024.
             Was a Priest of Okawaru.
             Slain by a wight
             ... wielding a +4 great sword
              (21 damage)
             ... on level 6 of the Dungeon.
             The game lasted 00:02:43 (5228 turns).

browni3141 the Cleaver (Minotaur Fighter)           Turns: 5228, Time: 00:02:44

HP:   -5/72 (79)    AC: 11    Str: 25    XL:     9   Next: 28%
MP:   10/10         EV:  8    Int:  5    God:    Okawaru [***...]
Gold: 382           SH:  5    Dex: 10    Spells: 8/8 levels left

rFire   . . .        a - +0 war axe
rCold   . . .        c - +0 buckler
rNeg    . . .        m - +0 chain mail
rPois   .            (helmet restricted)
rElec   .            (no cloak)
rCorr   .            (no gloves)
SInv    .            C - +0 pair of boots
Will    .....        (no amulet) Stlth
                     (no ring)
HPRegen 0.32/turn    (no ring)
MPRegen 0.12/turn

%: no passive effects
@: drained
A: horns 2, retaliatory headbutt
a: Renounce Religion, Heroism


You were on level 6 of the Dungeon.
You worshipped Okawaru.
Okawaru was most pleased with you.
You visited 1 branch of the dungeon, and saw 6 of its levels.
You also visited: Ossuary.

You collected 382 gold pieces.

Inventory:

Hand Weapons
 a - a +0 war axe (weapon)
Missiles
 w - 2 curare-tipped darts (quivered)
 y - 2 boomerangs
Armour
 b - a +0 scale mail
 c - a +0 buckler (worn)
 m - a +0 chain mail (worn)
 C - a +0 pair of boots (worn)
Wands
 e - a wand of acid (3)
Scrolls
 f - 6 scrolls of identify {unknown}
 i - 3 scrolls of silence {unknown}
 j - 3 scrolls of immolation {unknown}
 l - a scroll of vulnerability {unknown}
 n - 3 scrolls of teleportation {unknown}
 p - 3 scrolls of noise {unknown}
 s - a scroll of torment {unknown}
 t - 3 scrolls of amnesia {unknown}
 u - 2 scrolls of revelation {unknown}
 v - 3 scrolls of blinking {unknown}
 x - a scroll of enchant armour {unknown}
 B - a scroll of fog {unknown}
 D - 2 scrolls of poison {unknown}
 F - a scroll of brand weapon {unknown}
Potions
 d - 2 potions of might
 g - a potion of attraction {unknown}
 h - 2 potions of mutation {unknown}
 k - a potion of lignification {unknown}
 o - 3 potions of enlightenment {unknown}
 q - 3 potions of curing {unknown}
 r - 2 potions of haste {unknown}
 z - a potion of invisibility {unknown}
 A - a potion of resistance {unknown}
 E - a potion of ambrosia {unknown}


   Skills:
 + Level 7.0 Fighting
 * Level 8.8 Axes
 + Level 3.8 Throwing
 + Level 7.0 Armour
 + Level 7.0 Shields
 + Level 3.6 Invocations


You had 8 spell levels left.
You didn't know any spells.
Your spell library contained the following spells:

 Spells                   Type           Power      Damage    Failure   Level
 Foxfire                  Conj/Fire      0%         2x1d4     96%         1
 Ensorcelled Hibernation  Hex/Ice        0%         N/A       99%         2
 Jinxbite                 Hex            0%         N/A       99%         2
 Fugue of the Fallen      Necr           0%         N/A       100%        3
 Inner Flame              Hex/Fire       0%         N/A       100%        3
 Anguish                  Hex/Necr       0%         N/A       100%        4
 Flame Wave               Conj/Fire      0%         2d4       100%        4
 Sticky Flame             Fire/Alch      0%         2d4       100%        4
 Yara's Violent Unravell  Hex/Alch       0%         3d3       100%        5
 Plasma Beam              Fire/Air       0%         2x1d10    100%        6
 Starburst                Conj/Fire      0%         6d3       100%        6
 Enfeeble                 Hex            0%         N/A       100%        7


Dungeon Overview and Level Annotations

Branches:
Dungeon (6/15)             Temple (0/1) D:5         Ossuary (visited)

Altars:
Fedhas
Okawaru
Uskayaw
The Shining One

Shops:
D:6 *

Annotations:
D:6 Vadun's ghost, novice HOMo


Innate Abilities, Weirdness & Mutations

You have a pair of horns on your head.
You reflexively headbutt those who attack you in melee.


Message History

No target in view!
No target in view!
Found a stone staircase leading down.
No target in view!
There is a stone staircase leading down here.
You see here the +7 plate armour "Ibravyce" {rElec rPois}.
You see here 5 poisoned darts.
A wight comes into view. It is wielding a +4 morningstar.
A wight is nearby!
A wight comes into view. It is wielding a +5 dagger of freezing.
There are monsters nearby!
A wight comes into view.
It is wielding a +0 great sword and wearing a +1 robe of willpower.
The wight hits you with a +4 morningstar!
There are monsters nearby!
You closely miss the wight.
The wight hits you with a +4 morningstar.
There are monsters nearby!
You hit the wight but do no damage. You headbutt the wight.
The wight is moderately damaged.
The wight hits you with a +4 morningstar.
There are monsters nearby!
You slash the wight!
The wight is heavily damaged.
You barely miss the wight.
The wight is heavily damaged.
You closely miss the wight.
The wight hits you with a +4 morningstar.
You feel drained.
The wight hits you with a +5 dagger of freezing.
You feel drained. The wight freezes you.
You barely miss the wight.
You headbutt the wight, but do no damage.
The wight is heavily damaged.
You barely miss the wight.
The wight hits you with a +4 morningstar!
You feel drained.
The wight hits you with a +5 dagger of freezing.
The wight freezes you.
You hit the wight but do no damage. Your headbutt misses the wight.
The wight is heavily damaged.
You hit the wight. The wight barely misses you.
The wight hits you but does no damage.
You closely miss the wight.
The wight is heavily damaged.
You slash the wight!
You destroy the wight!
Okawaru accepts your kill.
The wight hits you with a +5 dagger of freezing!
You feel drained. The wight freezes you.
You slash the wight! Your headbutt misses the wight.
The wight is almost destroyed.
You barely miss the wight. The wight closely misses you.
The wight hits you with a +5 dagger of freezing.
The wight freezes you.
You hit the wight but do no damage. You barely miss the wight.
The wight barely misses you. You furiously retaliate!
You headbutt the wight. The wight hits you but does no damage.
You slash the wight!
You destroy the wight!
Okawaru accepts your kill.
You hit the wight but do no damage. You block the wight's attack.
Your Fighting skill increases to level 7!
Your Armour skill increases to level 7!
You slash the wight! You headbutt the wight.
The wight is severely damaged.
The wight completely misses you. You furiously retaliate!
You headbutt the wight!
You destroy the wight!
Okawaru accepts your kill.
No target in view!
No target in view!
Items here: )) [[.
Things that are here:
a +5 dagger of freezing; a +0 robe A wight comes into view.
It is wielding a +4 great sword.
A wight is nearby!
A wight is nearby!
A wight is nearby!
The wight hits you with a +4 great sword!
You hit the wight.
The wight is lightly damaged.
The wight hits you with a +4 great sword! x2
You feel drained.
You hit the wight.
The wight is heavily damaged.
You block the wight's attack.
You closely miss the wight.
The wight is heavily damaged.
The wight hits you with a +4 great sword!
You feel drained.
You closely miss the wight.
The wight is heavily damaged.
The wight barely misses you.
You barely miss the wight. Your headbutt misses the wight.
The wight is heavily damaged.
The wight hits you with a +4 great sword!
You barely miss the wight.
The wight is heavily damaged.
The wight hits you with a +4 great sword!!
You die...

##..###### #.# #.#
##....|..# #.# #.#
##.......# #.# #.#
##.......####.###.#
รท...............))#
#........#######.##
#........# #.#
#........# #.#
#.######## #@# #.#
#z# ..# #.# ### #.#
.# #.# .# #.# .##
#.# ..# #.# ..#


You could see a wight.

Vanquished Creatures
  Grinder (D:6)
  Sigmund (D:4)
  Edmund (D:4)
  A water moccasin (D:6)
  An ice beast (D:5)
  A black bear (D:6)
  A phantom (D:4)
  A weeping skull (Ossuary)
  2 bullfrogs (D:6)
  A water moccasin zombie (Ossuary)
  3 scorpions
  7 wights (D:6)
  A howler monkey (D:6)
  A centaur zombie (Ossuary)
  2 quasits (D:4)
  3 bullfrog zombies (Ossuary)
  2 hounds
  2 jellies (D:5)
  2 bombardier beetles (D:4)
  Ijyb (D:4)
  An iguana (D:5)
  2 orc wizards
  A scorpion zombie (Ossuary)
  6 gnolls
  10 adders
  3 shadow imps (D:4)
  A white imp (D:4)
  An ufetubus (D:4)
  4 adder zombies (Ossuary)
  3 dart slugs
  4 ribbon worms
  19 orcs
  2 bats
  7 endoplasms
  A giant cockroach (D:4)
  2 gnoll zombies (Ossuary)
  8 goblins
  7 hobgoblins
  7 jackals
  3 kobolds
  2 quokkas
  6 ball pythons
  2 frilled lizards
  7 goblin zombies (Ossuary)
  4 hobgoblin zombies (Ossuary)
  3 orc zombies (Ossuary)
  5 rats
156 creatures vanquished.

Notes
Turn   | Place    | Note
-------+----------+-------------------------------------------
     0 | D:1      | browni3141 the Minotaur Fighter began the quest for the
                  | Orb.
     0 | D:1      | Reached XP level 1. HP: 19/19 MP: 0/0
   104 | D:1      | Reached XP level 2. HP: 27/27 MP: 1/1
   155 | D:1      | Reached skill level 3 in Axes
   965 | D:2      | Reached XP level 3. HP: 29/33 MP: 2/2
   989 | D:2      | Found a faded altar of an unknown god.
  1023 | D:2      | Found a hide-covered altar of Uskayaw.
  1518 | D:2      | Reached XP level 4. HP: 40/40 MP: 3/3
  1652 | D:3      | Reached skill level 4 in Axes
  1758 | D:3      | Reached XP level 5. HP: 39/47 MP: 4/4
  1869 | D:3      | Found a blossoming altar of Fedhas.
  2195 | D:3      | Identified the +2 glaive "Kozawune" {flame, Int+3}
  2258 | D:4      | Reached skill level 5 in Axes
  2263 | D:4      | Noticed a phantom
  2276 | D:4      | Killed a phantom
  2277 | D:4      | Reached skill level 5 in Shields
  2277 | D:4      | Reached XP level 6. HP: 45/55 MP: 5/5
  2280 | D:4      | Reached skill level 5 in Fighting
  2280 | D:4      | Reached skill level 5 in Armour
  2396 | D:4      | Noticed Ijyb
  2407 | D:4      | Killed Ijyb
  2447 | D:4      | Found an iron altar of Okawaru.
  2468 | D:4      | Became a worshipper of Warmaster Okawaru
  2492 | D:4      | Noticed Edmund
  2503 | D:4      | Killed Edmund
  2504 | D:4      | Reached skill level 6 in Axes
  2504 | D:4      | Reached XP level 7. HP: 50/61 MP: 6/6
  2527 | D:4      | Reached skill level 1 in Throwing
  2527 | D:4      | Reached skill level 1 in Invocations
  2682 | D:4      | Noticed Sigmund
  2685 | D:4      | Reached * piety under Okawaru
  2692 | D:4      | Killed Sigmund
  3100 | D:5      | Entered Level 5 of the Dungeon
  3105 | D:5      | Identified the +3 spear of the Beginning {freeze, rC+ rN+}
  3453 | D:5      | Found a staircase to the Ecumenical Temple.
  3478 | D:5      | Found a glowing golden altar of the Shining One.
  3632 | D:5      | Reached XP level 8. HP: 70/70 MP: 8/8
  3677 | D:5      | Reached skill level 7 in Axes
  4044 | D:6      | Noticed Vadun's ghost (novice HOMo)
  4049 | D:6      | Found a sand-covered staircase.
  4076 | Ossuary  | Entered an ossuary
  4159 | Ossuary  | Reached ** piety under Okawaru
  4302 | Ossuary  | Noticed a silent spectre
  4609 | D:6      | Found Ythron's Overcharged Wands.
  4612 | D:6      | Noticed Grinder
  4617 | D:6      | Reached skill level 8 in Axes
  4630 | D:6      | Killed Grinder
  4671 | D:6      | Reached XP level 9. HP: 77/78 MP: 10/10
  4714 | D:6      | Reached *** piety under Okawaru
  5018 | D:6      | Identified the +7 plate armour "Ibravyce" {rElec rPois}
  5228 | D:6      | Slain by a wight

Illustrated notes

Levels and vault maps discovered:
D:1:      dpeg_arrival_pits, layout_loops_corners, chequers_serial_rivers_marsh
D:2:      layout_loops_cross, chequers_ecumenical_altar_island, basic_altar,
          corexii_corridor_pit, grunt_ministairs_13
D:3:      layout_rooms, fedhas_altar_2, minmay_checkerbox
D:4:      layout_basic, okawaru_metal_pillars_1_2, serial_demonic,
          serial_demonic_a, serial_demonic_g, serial_demonic_e,
          serial_demonic_f, uniq_sigmund, uniq_edmund, uniq_ijyb
D:5:      layout_loops_cross, tso_metal_star, minmay_temple_entry_antechambers,
          serial_park_tiny_2
D:6:      layout_loops_ring, nicolae_ossuary_entry_ruins,
          gammafunk_ghost_gnarly_gnolls, nicolae_shop_overcharged_wands,
          uniq_grinder

Skill      XL: |  1  2  3  4  5  6  7  8  9 |
---------------+----------------------------+-----
Axes           | 3 4 5 6 8 |  8.8
Fighting       | 4 5 6 7 |  7.0
Armour         | 4 5 6 7 |  7.0
Shields        | 4 5 6 7 |  7.0
Throwing       | 2 3 |  3.8
Invocations    | 2 3 |  3.6

Action                     |  1- 3 |  4- 6 |  7- 9 || total
---------------------------+-------+-------+-------++-------
  Melee: War axe           |    67 |   115 |   219 ||   401
         Headbutt          |    12 |    17 |    41 ||    70
  Throw: Dart              |       |     2 |     1 ||     3
    Use: Potion            |       |     1 |       ||     1
 Armour: Scale mail        |    29 |       |       ||    29
         Chain mail        |    31 |    96 |   219 ||   346
  Dodge: Dodged            |    24 |    54 |   106 ||   184
  Block: Buckler           |    13 |    31 |    67 ||   111
